 Dungeon Crawl Stone Soup version 0.24-a0-243-g8f5f5cd (webtiles) character file.

Game seed: 5168330898656654968

151 Lanoc the Slasher (level 5, -4/55 HPs)
             Began as an Octopode Berserker on Apr 9, 2019.
             Was a Believer of Trog.
             Slain by Sigmund
             ... wielding a +0 scythe
              (7 damage)
             ... on level 3 of the Dungeon.
             The game lasted 00:02:12 (1367 turns).

Lanoc the Slasher (Octopode Berserker)              Turns: 1367, Time: 00:02:13

Health: -4/55      AC:  1    Str: 22    XL:     5   Next: 33%
Magic:  5/5        EV: 14    Int:  9    God:    Trog [**....]
Gold:   34         SH:  0    Dex: 12    Spells: 4/4 levels left

rFire    . . .     SeeInvis .   a - +0 falchion
rCold    . . .     Gourm    .   (no shield)
rNeg     . . .     Faith    .   (helmet restricted)
rPois    .         Spirit   .   (no amulet)
rElec    .         Reflect  .   l - ring of attention (curse)
rCorr    .         Harm     .   (no ring)
MR       .....                  (no ring)
Stlth    ..........             (no ring)
HPRegen  0.18/turn              (no ring)
MPRegen  0.09/turn              (no ring)
                                (no ring)
                                (no ring)

@: berserking (expiring), very quick
A: almost no armour, stealthy swim, amphibious, 8 rings, constrict 8, camouflage
1, gelatinous body 1
a: Berserk, Trog's Hand, Renounce Religion


You were on level 3 of the Dungeon.
You worshipped Trog.
Trog was pleased with you.
You were very hungry.

You visited 1 branch of the dungeon, and saw 3 of its levels.

You collected 34 gold pieces.

Inventory:

Hand Weapons
 a - a +0 falchion (weapon)
Jewellery
 l - a cursed ring of attention (left tentacle)
Wands
 n - a wand of scattershot (5)
Scrolls
 e - 4 scrolls of identify {unknown}
 g - a scroll of amnesia {unknown}
 i - 4 scrolls of enchant weapon {unknown}
 j - a scroll of blinking {unknown}
 m - a scroll of remove curse {unknown}
Potions
 c - a potion of might {unknown}
 d - a potion of invisibility {unknown}
 f - a potion of brilliance {unknown}
 h - a potion of magic {unknown}
 k - 2 potions of lignification {unknown}
Comestibles
 b - 4 rations


   Skills:
 + Level 3.9 Fighting
 * Level 4.6 Long Blades
 + Level 3.8 Dodging


You had 4 spell levels left.
You didn't know any spells.
Your spell library was empty.

Dungeon Overview and Level Annotations

Branches:
Dungeon (3/15)

Altars:

Annotations:
D:3 Sigmund


Innate Abilities, Weirdness & Mutations

You cannot wear most types of armour.
You are very stealthy in the water. (Stealth+)
You are amphibious.
You can wear up to eight rings at the same time.
You can use your tentacles to constrict eight enemies at once.
Your skin changes colour to match your surroundings (Stealth+).
Your rubbery body absorbs attacks. (AC +1, EV +1)


Message History

You barely miss the goblin. Your grab misses the goblin.
Your squeeze misses the goblin. Something hits you!
* * * LOW HITPOINT WARNING * * *
The ooze hits you.
* * * LOW HITPOINT WARNING * * *
The goblin completely misses you.
Things that are here:
a +0 dagger; a +0 robe; an orc corpse You miss the goblin.
You grab the goblin. You constrict the goblin. Something barely misses you.
The goblin closely misses you.
You slash the goblin!
You kill the goblin!
Trog accepts your kill. The ooze hits you.
* * * LOW HITPOINT WARNING * * *
You barely miss the ooze. You squeeze the ooze!
You kill the ooze!
Trog accepts your kill. Something hits you!
You die...

....... ..##.
#.......# .# .....
#.......# .# #...##
........# .#
####....##
...<....###.#
#.........
....%..##..#
#.........
......)##.#
#.........
#>).(.####..##.....
##@)..(..>.##...##.
#....(######.#.#
#.....##..### #.#.#
# ...######...#
#.#)##. #.. ###.#
#.#.#.. ##
#.###.#)... #.
#.......... #.
#####.#.... ###.##
#.#....


There were no monsters in sight!

Vanquished Creatures
  An orc wizard (D:3)
  Ijyb (D:3)
  2 adders (D:2)
  An ooze (D:3)
  2 worms (D:2)
  4 dart slugs
  2 leopard geckos (D:2)
  7 orcs (D:3)
  5 giant cockroaches
  5 goblins
  8 hobgoblins
  5 bats
  4 frilled lizards
  4 kobolds
  4 rats
55 creatures vanquished.

Notes
Turn   | Place    | Note
-------+----------+-------------------------------------------
     0 | D:1      | Lanoc the Octopode Berserker began the quest for the Orb.
     0 | D:1      | Reached XP level 1. HP: 16/16 MP: 1/1
   135 | D:1      | Reached XP level 2. HP: 12/21 MP: 2/2
   517 | D:2      | Reached XP level 3. HP: 26/26 MP: 3/3
   534 | D:2      | Reached ** piety under Trog
   672 | D:2      | HP: 1/39 [worm (7)]
   673 | D:2      | Reached skill level 4 in Long Blades
   673 | D:2      | Reached XP level 4. HP: 2/31 MP: 4/4
  1112 | D:3      | Noticed Ijyb
  1122 | D:3      | Killed Ijyb
  1175 | D:3      | Found a faded altar of an unknown god.
  1350 | D:3      | Noticed Sigmund
  1357 | D:3      | Reached XP level 5. HP: 32/37 MP: 5/5
  1366 | D:3      | HP: 2/55 [ooze (1)]
  1367 | D:3      | Slain by Sigmund

Levels and vault maps discovered:
D:1:      dpeg_arrival_arbitrary_a, layout_rooms, minivault_25
D:2:      layout_rooms, first_ration, minmay_tall_x
D:3:      minmay_goblin_kobold_castle, layout_rooms,
          chequers_ecumenical_altar_simple, uniq_sigmund, uniq_grinder,
          uniq_ijyb

Skill      XL: |  1  2  3 |
---------------+----------+-----
Long Blades    | 4 |  4.6
Fighting       | |  3.9
Dodging        | |  3.8

Action                   |  1- 3 |  4- 6 || total
-------------------------+-------+-------++-------
Melee: Falchion          |    50 |    38 ||    88
       Tentacles         |    11 |    12 ||    23
       Constrict         |    16 |    13 ||    29
Invok: Berserk           |     2 |     2 ||     4
 Stab: Sleeping          |     3 |       ||     3
  Eat: Chunk             |       |     4 ||     4
Armor: Skin              |     3 |     4 ||     7
Dodge: Dodged            |    38 |    25 ||    63
       Rpst.: Falchion   |    11 |     5 ||    16

Table legend:
 A = Non-vault XP
 B = Vault XP
 C = Vault XP percentage of total XP
 D = Non-vault monster count
 E = Vault monster count
 F = Vault count percentage of total count
                 A         B        C        D         E       F
            +---------+---------+-------+---------+---------+-------
      Total |     174 |      43 |  19.8 |      50 |       5 |   9.1
            +---------+---------+-------+---------+---------+-------
        D:1 |      18 |       0 |   0.0 |      10 |       0 |   0.0
        D:2 |      77 |       8 |   9.4 |      26 |       4 |  13.3
        D:3 |      79 |      35 |  30.7 |      14 |       1 |   6.7
            +---------+---------+-------+---------+---------+-------
